NYP
LOS ANGELES (NYP) DODGERS @ CINCINNATI (NYP) REDS
05/28/2049
 
TOP OF THE 1ST
Los Angeles (NYP) Dodgers batting - Pitching for Cincinnati (NYP) Reds : RHP Ryan Charles Jr.
Pitching: RHP Ryan Charles Jr.
Batting: SHB Guy Jerome 0-0: Called Strike
0-1: Ball
1-1: Foul Ball, location: 2F
1-2: Foul Ball, location: 2F
1-2: TRIPLE (Flyball, 78XD, EV 108.1 MPH)
Batting: RHB Perry Dominey 0-0: Called Strike
0-1: Foul Ball, location: 2F
0-2: Ball
1-2: Ground out 4-3 (Groundball, 4, EV 91.9 MPH)
Guy Jerome scores
Batting: LHB Randy Stapleton 0-0: Called Strike
0-1: Ball
1-1: Ball
2-1: Swinging Strike
2-2: Strikes out swinging
Batting: SHB Marcos Cortez 0-0: Ball
1-0: Ball
2-0: Called Strike
2-1: Foul Ball, location: 2F
2-2: Ball
3-2: Base on Balls
Batting: RHB Frank Elizondo 0-0: Called Strike
0-1: Ball
1-1: Ball
2-1: Ball
3-1: Fly out, F8 (Flyball, 8RM, EV 95.6 MPH)
Top of the 1st over - 1 run, 1 hit, 0 errors, 1 left on base; Los Angeles (NYP) 1 - Cincinnati (NYP) 0
BOTTOM OF THE 1ST
Cincinnati (NYP) Reds batting - Pitching for Los Angeles (NYP) Dodgers : LHP Yok-sing Zhào
Pitching: LHP Yok-sing Zhào
Batting: RHB Badr al Din Ridha 0-0: Ball
1-0: Foul Ball, location: 2F
1-1: Called Strike
1-2: Ground out 6-3 (Groundball, 56, EV 78.1 MPH)
Batting: SHB Cesar Pelayo 0-0: Ball
1-0: Foul Ball, location: 2F
1-1: Ball
2-1: Ball
3-1: Base on Balls
Batting: RHB Andy Bachman 0-0: Foul Ball, location: 2F
0-1: Ball
1-1: Foul Ball, location: 2F
1-2: Ball
2-2: Foul Ball, location: 2F
2-2: Ball
3-2: Fielders Choice at 2nd, 5-4 (Groundball, 5, EV 80.6 MPH)
Batting: SHB David Garnica 0-0: Ball
1-0: Foul Ball, location: 2F
1-1: Ball
2-1: Ball
3-1: Base on Balls
Andy Bachman to second
Batting: LHB Josh Slusarczyk 0-0: Ball
1-0: Ball
2-0: Ball
3-0: Base on Balls
Andy Bachman to third
David Garnica to second
Batting: RHB Chris Christaldi 0-0: Foul Ball, location: 2F
0-1: SINGLE (Groundball, 4MD, EV 103.8 MPH)
Andy Bachman scores
David Garnica to third
Josh Slusarczyk to second
Runner from 3rd tries for Home, SAFE, throw by CF to home
Batting: RHB Yutaka Sato 0-0: DOUBLE (Groundball, 5L, EV 103.1 MPH)
Josh Slusarczyk scores
Chris Christaldi to third
Batting: RHB Adrian Billups 0-0: Ball
1-0: Ball
2-0: Ball
3-0: Called Strike
3-1: Fly out, F9 (Flyball, 9, EV 85.0 MPH)
Bottom of the 1st over - 3 runs, 2 hits, 0 errors, 2 left on base; Los Angeles (NYP) 1 - Cincinnati (NYP) 3
TOP OF THE 2ND
Los Angeles (NYP) Dodgers batting - Pitching for Cincinnati (NYP) Reds : RHP Ryan Charles Jr.
Batting: RHB Cory Bonham 0-0: Ball
1-0: Ball
2-0: Called Strike
2-1: SINGLE (Groundball, 4M, EV 109.4 MPH)
Batting: RHB Justin Van Houten 0-0: Called Strike
0-1: Fly out, F9 (Flyball, 9D, EV 90.0 MPH)
Batting: SHB Dave Reynoso 0-0: Ball
Pickoff Throw to First - Out! 1-3
1-0: Ball
2-0: Ball
3-0: Swinging Strike
3-1: Base on Balls
Batting: RHB Yok-sing Zhào 0-0: Called Strike
Dave Reynoso is caught stealing 2nd base 2-4
Top of the 2nd over - 0 runs, 1 hit, 0 errors, 0 left on base; Los Angeles (NYP) 1 - Cincinnati (NYP) 3
BOTTOM OF THE 2ND
Cincinnati (NYP) Reds batting - Pitching for Los Angeles (NYP) Dodgers : LHP Yok-sing Zhào
Batting: LHB Mike Becerra 0-0: Ball
1-0: Ball
2-0: Ball
3-0: Base on Balls
Batting: RHB Badr al Din Ridha 0-0: Ball
1-0: Foul Ball, location: 2F
1-1: Swinging Strike
1-2: Ball
2-2: Foul Ball, location: 2F
2-2: Ball
3-2: Foul Ball, location: 2F
3-2: Strikes out swinging
Batting: SHB Cesar Pelayo 0-0: Ball
1-0: Called Strike
1-1: Ball
2-1: Foul Ball, location: 2F
2-2: Strikes out looking
Batting: RHB Andy Bachman 0-0: Called Strike
0-1: Swinging Strike
0-2: Foul Ball, location: 2F
0-2: Ball
1-2: Strikes out swinging
Bottom of the 2nd over - 0 runs, 0 hits, 0 errors, 1 left on base; Los Angeles (NYP) 1 - Cincinnati (NYP) 3
TOP OF THE 3RD
Los Angeles (NYP) Dodgers batting - Pitching for Cincinnati (NYP) Reds : RHP Ryan Charles Jr.
Batting: RHB Yok-sing Zhào 0-0: Called Strike
0-1: Foul Ball, location: 2F
0-2: Strikes out swinging
Batting: SHB Guy Jerome 0-0: TRIPLE (Line Drive, 89XD, EV 103.8 MPH)
Batting: RHB Perry Dominey 0-0: Ground out 4-3 (Groundball, 4, EV 85.0 MPH)
Guy Jerome scores
Batting: LHB Randy Stapleton 0-0: Called Strike
0-1: Called Strike
0-2: Ball
1-2: Ground out 4-3 (Groundball, 4, EV 90.0 MPH)
Top of the 3rd over - 1 run, 1 hit, 0 errors, 0 left on base; Los Angeles (NYP) 2 - Cincinnati (NYP) 3
BOTTOM OF THE 3RD
Cincinnati (NYP) Reds batting - Pitching for Los Angeles (NYP) Dodgers : LHP Yok-sing Zhào
Batting: SHB David Garnica 0-0: Ball
1-0: Called Strike
1-1: Ball
2-1: Ball
3-1: Fly out, F7 (Flyball, 7, EV 78.1 MPH)
Batting: LHB Josh Slusarczyk 0-0: Ball
1-0: Ball
2-0: Foul Ball, location: 2F
2-1: Ball
3-1: SOLO HOME RUN (Flyball, 9LD, EV 105.6 MPH), Distance : 424 ft
Batting: RHB Chris Christaldi 0-0: Called Strike
0-1: Ground out 5-3 (Groundball, 56, EV 83.8 MPH)
Pitching: LHP Conor Bailey
Batting: RHB Yutaka Sato 0-0: Ball
1-0: Ball
2-0: Ball
3-0: Base on Balls
Batting: RHB Adrian Billups 0-0: Ball
1-0: Ball
2-0: Ball
3-0: Base on Balls
Yutaka Sato to second
Batting: LHB Mike Becerra 0-0: Called Strike
0-1: Hit by Pitch
Yutaka Sato to third
Adrian Billups to second
Batting: RHB Badr al Din Ridha 0-0: Called Strike
0-1: Swinging Strike
0-2: Strikes out looking
Bottom of the 3rd over - 1 run, 1 hit, 0 errors, 3 left on base; Los Angeles (NYP) 2 - Cincinnati (NYP) 4
TOP OF THE 4TH
Los Angeles (NYP) Dodgers batting - Pitching for Cincinnati (NYP) Reds : RHP Ryan Charles Jr.
Batting: SHB Marcos Cortez 0-0: Ground out 4-3 (Groundball, 4, EV 89.4 MPH)
Batting: RHB Frank Elizondo 0-0: Ball
1-0: Fly out, F8 (Line Drive, 8LM, EV 103.1 MPH)
Batting: RHB Cory Bonham 0-0: Ball
1-0: Ball
2-0: SOLO HOME RUN (Flyball, 9D, EV 96.9 MPH), Distance : 377 ft
Batting: RHB Justin Van Houten 0-0: Called Strike
0-1: Foul Ball, location: 2F
0-2: Foul Ball, location: 2F
0-2: Ball
1-2: SINGLE (Groundball, 6D, EV 97.5 MPH)
Batting: SHB Dave Reynoso 0-0: Called Strike
Justin Van Houten steals 2nd base
0-1: Fly out, F7 (Flyball, 7, EV 78.8 MPH)
Top of the 4th over - 1 run, 2 hits, 0 errors, 1 left on base; Los Angeles (NYP) 3 - Cincinnati (NYP) 4
BOTTOM OF THE 4TH
Cincinnati (NYP) Reds batting - Pitching for Los Angeles (NYP) Dodgers : LHP Conor Bailey
Batting: SHB Cesar Pelayo 0-0: Swinging Strike
0-1: SINGLE (Line Drive, 89S, EV 98.8 MPH)
Batting: RHB Andy Bachman 0-0: Ball
1-0: Grounds into double play, U6-3 (Groundball, P, EV 91.2 MPH)
Batting: SHB David Garnica 0-0: Ball
1-0: Ball
2-0: Called Strike
2-1: DOUBLE (Flyball, 78XD, EV 107.5 MPH)
Batting: LHB Josh Slusarczyk 0-0: Called Strike
0-1: Ball
1-1: Foul Ball, location: 2F
1-2: Strikes out swinging
Bottom of the 4th over - 0 runs, 2 hits, 0 errors, 1 left on base; Los Angeles (NYP) 3 - Cincinnati (NYP) 4
TOP OF THE 5TH
Los Angeles (NYP) Dodgers batting - Pitching for Cincinnati (NYP) Reds : RHP Ryan Charles Jr.
Batting: RHB Yok-sing Zhào 0-0: Ground out 5-3 (Groundball, 56, EV 80.0 MPH)
Batting: SHB Guy Jerome 0-0: TRIPLE (Flyball, 89XD, EV 96.9 MPH)
Batting: RHB Perry Dominey 0-0: Ball
1-0: Swinging Strike
1-1: Ground out 1-3 (Groundball, 15S, EV 68.1 MPH)
Batting: LHB Randy Stapleton 0-0: Ball
1-0: Foul Ball, location: 2F
1-1: Foul Ball, location: 2F
1-2: Ball
2-2: Ball
3-2: Foul Ball, location: 2F
3-2: Foul Ball, location: 2F
3-2: Strikes out looking
Top of the 5th over - 0 runs, 1 hit, 0 errors, 1 left on base; Los Angeles (NYP) 3 - Cincinnati (NYP) 4
BOTTOM OF THE 5TH
Cincinnati (NYP) Reds batting - Pitching for Los Angeles (NYP) Dodgers : LHP Conor Bailey
Batting: RHB Chris Christaldi 0-0: Swinging Strike
0-1: Swinging Strike
0-2: DOUBLE (Flyball, 89D, EV 100.0 MPH)
Pitching: RHP Justin Donovan
Batting: RHB Yutaka Sato 0-0: Ball
1-0: Ball
2-0: Foul Ball, location: 2F
2-1: Ball
3-1: Foul Ball, location: 2F
3-2: Strikes out swinging
Batting: RHB Adrian Billups 0-0: Called Strike
0-1: Ball
1-1: SINGLE (Line Drive, 78S, EV 99.4 MPH)
Chris Christaldi to third
Batting: LHB Mike Becerra 0-0: Called Strike
0-1: Ball
1-1: Swinging Strike
1-2: SINGLE (Groundball, 6MD, EV 110.6 MPH)
Chris Christaldi scores
Adrian Billups to second
Batting: RHB Badr al Din Ridha 0-0: Called Strike
0-1: Ball
1-1: Swinging Strike
1-2: SINGLE (Groundball, 4D, EV 98.1 MPH)
Adrian Billups to third
Mike Becerra to second
Runner from 3rd tries for Home, SAFE, throw by RF to home
Pitching: RHP Willie Becerra
Batting: SHB Cesar Pelayo 0-0: Called Strike
0-1: Ball
1-1: SINGLE (Groundball, 56D, EV 94.4 MPH)
Mike Becerra to third
Badr al Din Ridha to second
Batting: RHB Andy Bachman 0-0: Called Strike
0-1: Foul Ball, location: 2F
0-2: Ball
1-2: Ball
2-2: GRAND SLAM HOME RUN (Flyball, 7LD, EV 109.4 MPH), Distance : 408 ft
Batting: SHB David Garnica 0-0: Called Strike
0-1: Foul Ball, location: 2F
0-2: Foul Ball, location: 2F
0-2: Foul Ball, location: 2F
0-2: Foul Ball, location: 2F
0-2: SINGLE (Groundball, 4MD, EV 100.6 MPH)
Batting: LHB Josh Slusarczyk 0-0: Ball
1-0: Ball
2-0: Foul Ball, location: 2F
2-1: Called Strike
2-2: Fly out, F4 (Popup, 34S, EV 81.9 MPH)
Batting: RHB Chris Christaldi 0-0: Ball
1-0: Ball
2-0: Foul Ball, location: 2F
2-1: SINGLE (Groundball, 4D, EV 104.4 MPH)
David Garnica to second
Runner from 2nd tries for 3rd, SAFE, no throw by RF
Batting: RHB Yutaka Sato 0-0: Ball
1-0: Ball
2-0: Called Strike
2-1: Ball
3-1: Ground out 4-3 (Groundball, 4, EV 99.4 MPH)
Bottom of the 5th over - 6 runs, 8 hits, 0 errors, 2 left on base; Los Angeles (NYP) 3 - Cincinnati (NYP) 10
TOP OF THE 6TH
Los Angeles (NYP) Dodgers batting - Pitching for Cincinnati (NYP) Reds : RHP Ryan Charles Jr.
Batting: SHB Marcos Cortez 0-0: Ball
1-0: Ball
2-0: Called Strike
2-1: Foul Ball, location: 2F
2-2: SOLO HOME RUN (Flyball, 9LD, EV 96.9 MPH), Distance : 370 ft
Batting: RHB Frank Elizondo 0-0: Foul Ball, location: 2F
0-1: Ball
1-1: Ball
2-1: Ball
3-1: Base on Balls
Batting: RHB Cory Bonham 0-0: Called Strike
0-1: Ball
1-1: Foul Ball, location: 2F
1-2: Ball
2-2: Ball
3-2: Base on Balls
Frank Elizondo to second
Batting: RHB Justin Van Houten 0-0: Swinging Strike
0-1: Foul Ball, location: 2F
0-2: SINGLE (Line Drive, 89S, EV 109.4 MPH)
Frank Elizondo to third
Cory Bonham to second
Runner from 3rd tries for Home, SAFE, throw by RF to home
Pitching: LHP Andres Lobato
Batting: SHB Dave Reynoso 0-0: Ball
1-0: Called Strike
1-1: Ball
2-1: Swinging Strike
2-2: Strikes out swinging
Batting: RHB Yok-sing Zhào 0-0: Foul Ball, location: 2F
0-1: Foul Ball, location: 2F
0-2: Strikes out looking
Batting: SHB Guy Jerome 0-0: Foul Ball, location: 2F
0-1: Ball
1-1: Swinging Strike
1-2: Ball
2-2: Ball
3-2: Base on Balls
Cory Bonham to third
Justin Van Houten to second
Batting: RHB Perry Dominey 0-0: Called Strike
0-1: Ball
1-1: Foul Ball, location: 2F
1-2: Strikes out looking
Top of the 6th over - 2 runs, 2 hits, 0 errors, 3 left on base; Los Angeles (NYP) 5 - Cincinnati (NYP) 10
BOTTOM OF THE 6TH
Cincinnati (NYP) Reds batting - Pitching for Los Angeles (NYP) Dodgers : RHP Willie Becerra
Batting: RHB Adrian Billups 0-0: Called Strike
0-1: Ball
1-1: Ball
2-1: Reached on error, E5 (Groundball, 56, EV 83.1 MPH)
Batting: LHB Mike Becerra 0-0: Swinging Strike
0-1: Ball
1-1: Ball
2-1: Ball
3-1: Foul Ball, location: 2F
3-2: Fly out, F9 (Flyball, 9LS, EV 90.6 MPH)
Pitching: RHP Alfredo Sanchez
Batting: RHB Badr al Din Ridha 0-0: Called Strike
0-1: Foul Ball, location: 2F
0-2: Ball
1-2: Fly out, F9 (Flyball, 9LS, EV 94.4 MPH)
Batting: SHB Cesar Pelayo 0-0: SINGLE (Groundball, 34D, EV 103.8 MPH)
Adrian Billups to second
Runner from 2nd tries for 3rd, SAFE, throw by RF made to third
Batting: RHB Andy Bachman 0-0: Ball
1-0: Called Strike
1-1: Fly out, F8 (Flyball, 8LXD, EV 94.4 MPH)
Bottom of the 6th over - 0 runs, 1 hit, 1 error, 2 left on base; Los Angeles (NYP) 5 - Cincinnati (NYP) 10
TOP OF THE 7TH
Los Angeles (NYP) Dodgers batting - Pitching for Cincinnati (NYP) Reds : LHP Andres Lobato
Batting: LHB Randy Stapleton 0-0: Called Strike
0-1: Ball
1-1: Swinging Strike
1-2: Strikes out swinging
Batting: SHB Marcos Cortez 0-0: Ball
1-0: Swinging Strike
1-1: Foul Ball, location: 2F
1-2: Ball
2-2: Strikes out looking
Batting: RHB Frank Elizondo 0-0: Ball
1-0: Swinging Strike
1-1: Foul Ball, location: 2F
1-2: Foul Ball, location: 2F
1-2: Strikes out swinging
Top of the 7th over - 0 runs, 0 hits, 0 errors, 0 left on base; Los Angeles (NYP) 5 - Cincinnati (NYP) 10
BOTTOM OF THE 7TH
Cincinnati (NYP) Reds batting - Pitching for Los Angeles (NYP) Dodgers : RHP Alfredo Sanchez
Pitching: RHP Bobby Altamirano
Batting: SHB David Garnica 0-0: Called Strike
0-1: Swinging Strike
0-2: Ball
1-2: Ball
2-2: Strikes out looking
Batting: LHB Josh Slusarczyk 0-0: Ball
1-0: Ball
2-0: Ball
3-0: Base on Balls
Batting: RHB Chris Christaldi 0-0: Ball
1-0: Called Strike
1-1: Ball
2-1: Foul Ball, location: 2F
2-2: Foul Ball, location: 2F
2-2: Ball
3-2: Base on Balls
Josh Slusarczyk to second
Batting: RHB Yutaka Sato 0-0: Called Strike
0-1: Ball
1-1: Swinging Strike
1-2: Ball
2-2: Fielders Choice at 2nd, 3-6 (Groundball, 13, EV 75.6 MPH)
Josh Slusarczyk to third
Batting: RHB Adrian Billups 0-0: Ball
1-0: Ball
2-0: SINGLE (Groundball, 3D, EV 100.6 MPH)
Josh Slusarczyk scores
Yutaka Sato to second
Runner from 2nd tries for 3rd, SAFE, throw by RF made to third
Adrian Billups to second
Batting: LHB Mike Becerra 0-0: Ball
1-0: Ground out U3 (Groundball, 3L, EV 89.4 MPH)
Bottom of the 7th over - 1 run, 1 hit, 0 errors, 2 left on base; Los Angeles (NYP) 5 - Cincinnati (NYP) 11
TOP OF THE 8TH
Los Angeles (NYP) Dodgers batting - Pitching for Cincinnati (NYP) Reds : LHP Andres Lobato
Batting: RHB Cory Bonham 0-0: Called Strike
0-1: Called Strike
0-2: Strikes out swinging
Batting: RHB Justin Van Houten 0-0: Called Strike
0-1: Ground out 5-3 (Groundball, 5, EV 103.8 MPH)
Batting: SHB Dave Reynoso 0-0: Called Strike
0-1: Foul Ball, location: 2F
0-2: Ball
1-2: Foul Ball, location: 2F
1-2: Ball
2-2: Foul Ball, location: 2F
2-2: Ball
3-2: TRIPLE (Flyball, 78XD, EV 98.1 MPH)
Batting: RHB Yok-sing Zhào 0-0: Ball
1-0: Called Strike
1-1: Foul Ball, location: 2F
1-2: Strikes out swinging
Top of the 8th over - 0 runs, 1 hit, 0 errors, 1 left on base; Los Angeles (NYP) 5 - Cincinnati (NYP) 11
BOTTOM OF THE 8TH
Cincinnati (NYP) Reds batting - Pitching for Los Angeles (NYP) Dodgers : RHP Bobby Altamirano
Batting: RHB Badr al Din Ridha 0-0: Ball
1-0: Ball
2-0: Ball
3-0: Called Strike
3-1: Swinging Strike
3-2: Base on Balls
Batting: SHB Cesar Pelayo 0-0: Ball
1-0: Called Strike
1-1: Ball
2-1: Called Strike
2-2: Ball
3-2: Base on Balls
Badr al Din Ridha to second
Batting: RHB Andy Bachman 0-0: Fly out, F8 (Flyball, 8LM, EV 83.8 MPH)
Batting: SHB David Garnica 0-0: Ball
1-0: Called Strike
1-1: Ball
Badr al Din Ridha steals 3rd base
2-1: Foul Ball, location: 2F
2-2: Strikes out looking
Batting: LHB Josh Slusarczyk 0-0: Foul Ball, location: 2F
0-1: Ball
1-1: Swinging Strike
1-2: Ball
2-2: Strikes out swinging
Bottom of the 8th over - 0 runs, 0 hits, 0 errors, 2 left on base; Los Angeles (NYP) 5 - Cincinnati (NYP) 11
TOP OF THE 9TH
Los Angeles (NYP) Dodgers batting - Pitching for Cincinnati (NYP) Reds : LHP Andres Lobato
Pitching: RHP Toby Riley
Batting: SHB Guy Jerome 0-0: Ground out 6-3 (Groundball, 6, EV 84.4 MPH)
Batting: RHB Perry Dominey 0-0: Fly out, F8 (Flyball, 8LXD, EV 93.1 MPH)
Batting: LHB Randy Stapleton 0-0: Called Strike
0-1: Called Strike
0-2: Strikes out swinging
Top of the 9th over - 0 runs, 0 hits, 0 errors, 0 left on base; Los Angeles (NYP) 5 - Cincinnati (NYP) 11
Sunday, July 16th , 2023 - OOTP Baseball 24.6 Build 69